cohdb
Replays
Latest Replays
All Replays
Popular Replays
Top Player Replays
Match Explorer
How It Works
Community
CoH3 Stats
Reddit
Sign in to upload your games and track your stats! →
Sign in with Steam
Match 46146273
Unlisted
Match 46146273
Overview
Messages
Build Orders
End
Pioneer Squad
Selects Italian Coastal Battlegroup
Selects Coastal Reserves
Coastal Reserve
Coastal Reserve
Coastal Reserve
Medical Station
Construct Infanterie Kompanie
Construct Luftwaffe Kompanie
221 Scout Car
Selects Artillery Officer
Flak 30 Anti-aircraft Gun Team
Jäger Squad
Support Elements
Selects Coastal Wall
Wirbelwind Flakpanzer
Wirbelwind Flakpanzer
Selects Support Bunkers
Wirbelwind Flakpanzer
Marder III M Tank Destroyer
Marder III M Tank Destroyer
Selects Rapid Fortifications
Selects Bulwark
Rapid Fortifications
MG 42 Bunker
FeriG
DexN
0
0
Comments
sign in to comment!
No comments posted yet!